PIO (24 & UNDER)
SEATTLE RAINIERS @ SALEM SLEDGEHAMMERS
09/12/2023
 
TOP OF THE 1ST
Seattle Rainiers batting - Pitching for Salem Sledgehammers : RHP José López
Pitching: RHP José López
Batting: RHB Elpidio Martinho 0-0: SINGLE (Line Drive, 34D)
Batting: SHB Nick Cox 0-0: Ball
1-0: Fly out, F8 (Flyball, 8LM)
Batting: SHB Glenn Vadnais 0-0: Ball
1-0: Called Strike
1-1: DOUBLE (Line Drive, 89XD)
Elpidio Martinho to third
Batting: RHB Chris Parker 0-0: Ball
1-0: Ball
2-0: Ball
3-0: Base on Balls
Batting: LHB Norbert Mosley 0-0: Ball
1-0: Swinging Strike
1-1: Swinging Strike
1-2: Ball
2-2: Foul Ball, location: 2F
2-2: Foul Ball, location: 2F
2-2: Strikes out swinging
Batting: RHB Edward Melton 0-0: Ball
1-0: Called Strike
1-1: Called Strike
1-2: Foul Ball, location: 2F
1-2: Ball
2-2: Foul Ball, location: 2F
2-2: Strikes out swinging
Top of the 1st over - 0 run(s), 2 hit(s), 0 error(s), 3 left on base; Seattle 0 - Salem 0
BOTTOM OF THE 1ST
Salem Sledgehammers batting - Pitching for Seattle Rainiers : RHP Ben Cobb
Pitching: RHP Ben Cobb
Batting: RHB William Richardson 0-0: Ball
1-0: Foul Ball, location: 2F
1-1: Foul Ball, location: 2F
1-2: Foul Ball, location: 2F
1-2: Ball
2-2: Ball
3-2: Ground out 1-3 (Groundball, 15)
Batting: RHB Brandon Pope 0-0: Ball
1-0: SINGLE (Line Drive, 4D)
Batting: LHB Brent Alonzo 0-0: Called Strike
0-1: SINGLE (Groundball, 6MD)
Brandon Pope to second
Batting: RHB Benjamin Lawson 0-0: Called Strike
0-1: Foul Ball, location: 2F
0-2: Ball
1-2: Hit by Pitch
Brandon Pope to third
Brent Alonzo to second
Batting: RHB B.J. Allen 0-0: Ball
1-0: Ball
2-0: Called Strike
2-1: Foul Ball, location: 2F
2-2: Foul Ball, location: 2F
2-2: Fly out, F1 (Line Drive, 13)
Batting: RHB Dale Reeves 0-0: Swinging Strike
0-1: Ball
1-1: Foul Ball, location: 2F
1-2: Strikes out swinging
Bottom of the 1st over - 0 run(s), 2 hit(s), 0 error(s), 3 left on base; Seattle 0 - Salem 0
TOP OF THE 2ND
Seattle Rainiers batting - Pitching for Salem Sledgehammers : RHP José López
Batting: RHB Jeremy Carr 0-0: Called Strike
0-1: Foul Ball, location: 2F
0-2: DOUBLE (Line Drive, 3)
Batting: RHB John Hill 0-0: Foul Ball, location: 2F
0-1: Foul Ball, location: 2F
0-2: Strikes out swinging
Batting: RHB Brennan Yates 0-0: Called Strike
0-1: Ball
1-1: Ground out 6-3 (Groundball, 6M)
Jeremy Carr to third
Batting: RHB Elpidio Martinho 0-0: Called Strike
0-1: Reached on error, E4 (Groundball, 4)
Jeremy Carr scores
Batting: SHB Nick Cox 0-0: Called Strike
0-1: Foul Ball, location: 2F
0-2: Ball
1-2: Strikes out looking
Top of the 2nd over - 1 run(s), 1 hit(s), 1 error(s), 1 left on base; Seattle 1 - Salem 0
BOTTOM OF THE 2ND
Salem Sledgehammers batting - Pitching for Seattle Rainiers : RHP Ben Cobb
Batting: RHB Finn Buys 0-0: Foul Ball, location: 2F
0-1: Called Strike
0-2: Ball
1-2: Foul Ball, location: 2F
1-2: SINGLE (Groundball, 56D)
Batting: LHB Nathan Frey 0-0: Ground out 5-3 (Groundball, 15S)
Finn Buys to second
Batting: LHB José Rivera 0-0: Called Strike
0-1: Swinging Strike
0-2: Foul Ball, location: 2F
0-2: Ball
1-2: Foul Ball, location: 2F
1-2: Ball
2-2: Ground out 1-3 (Groundball, 13)
Finn Buys to third
Batting: RHB William Richardson 0-0: Ball
1-0: Ball
2-0: Called Strike
2-1: Called Strike
2-2: Ball
3-2: Base on Balls
Batting: RHB Brandon Pope 0-0: Ball
1-0: Foul Ball, location: 2F
1-1: Ball
2-1: Ball
3-1: Base on Balls
William Richardson to second
Batting: LHB Brent Alonzo 0-0: Ball
1-0: Ball
2-0: Fly out, F6 (Popup, 6)
Bottom of the 2nd over - 0 run(s), 1 hit(s), 0 error(s), 3 left on base; Seattle 1 - Salem 0
TOP OF THE 3RD
Seattle Rainiers batting - Pitching for Salem Sledgehammers : RHP José López
Batting: SHB Glenn Vadnais 0-0: Foul Ball, location: 2F
0-1: Ball
1-1: Swinging Strike
1-2: SOLO HOME RUN (Flyball, 8LXD), Distance : 451 ft
Batting: RHB Chris Parker 0-0: Ball
1-0: SINGLE (Line Drive, 4M)
Batting: LHB Norbert Mosley 0-0: Grounds into double play, U4-3 (Groundball, 4)
Batting: RHB Edward Melton 0-0: Ball
1-0: Ball
2-0: Called Strike
2-1: Foul Ball, location: 2F
2-2: Ball
3-2: Base on Balls
Batting: RHB Jeremy Carr 0-0: Called Strike
Edward Melton steals 2nd base
0-1: Called Strike
0-2: Foul Ball, location: 2F
0-2: Ball
1-2: Foul Ball, location: 2F
1-2: Ball
2-2: Foul Ball, location: 2F
2-2: Foul Ball, location: 2F
2-2: Strikes out looking
Top of the 3rd over - 1 run(s), 2 hit(s), 0 error(s), 1 left on base; Seattle 2 - Salem 0
BOTTOM OF THE 3RD
Salem Sledgehammers batting - Pitching for Seattle Rainiers : RHP Ben Cobb
Batting: RHB Benjamin Lawson 0-0: Ball
1-0: Ball
2-0: Called Strike
2-1: Foul Ball, location: 2F
2-2: Ball
3-2: Foul Ball, location: 2F
3-2: Base on Balls
Batting: RHB B.J. Allen 0-0: Ball
1-0: Foul Ball, location: 2F
1-1: Ball
2-1: Foul Ball, location: 2F
2-2: Strikes out looking
Batting: RHB Dale Reeves 0-0: Foul Ball, location: 2F
0-1: Ball
Benjamin Lawson steals 2nd base
1-1: Ball
2-1: Ball
3-1: Ground out 6-3 (Groundball, 6M)
Benjamin Lawson to third
Batting: RHB Finn Buys 0-0: Ball
1-0: Ball
2-0: Called Strike
2-1: Ball
3-1: Called Strike
3-2: Foul Ball, location: 2F
3-2: Base on Balls
Batting: LHB Nathan Frey 0-0: Swinging Strike
0-1: Ball
1-1: Called Strike
1-2: Strikes out swinging
Bottom of the 3rd over - 0 run(s), 0 hit(s), 0 error(s), 2 left on base; Seattle 2 - Salem 0
TOP OF THE 4TH
Seattle Rainiers batting - Pitching for Salem Sledgehammers : RHP José López
Batting: RHB John Hill 0-0: Ground out 4-3 (Groundball, 4)
Batting: RHB Brennan Yates 0-0: Called Strike
0-1: Called Strike
0-2: Strikes out swinging
Batting: RHB Elpidio Martinho 0-0: Called Strike
0-1: Ground out 4-3 (Groundball, 4)
Top of the 4th over - 0 run(s), 0 hit(s), 0 error(s), 0 left on base; Seattle 2 - Salem 0
BOTTOM OF THE 4TH
Salem Sledgehammers batting - Pitching for Seattle Rainiers : RHP Ben Cobb
Batting: LHB José Rivera 0-0: Swinging Strike
0-1: Ball
1-1: Ground out 5-3 (Groundball, 56S)
Batting: RHB William Richardson 0-0: Ball
1-0: Ball
2-0: Ball
3-0: Called Strike
3-1: Called Strike
3-2: Fly out, F4 (Line Drive, 34)
Batting: RHB Brandon Pope 0-0: Called Strike
0-1: Hit by Pitch
Pitching: RHP Jeff Alexander
Batting: LHB Brent Alonzo 0-0: Called Strike
0-1: Ball
1-1: Ball
Wild Pitch!
Brandon Pope to second
2-1: Called Strike
2-2: Foul Ball, location: 2F
2-2: Ball
3-2: Base on Balls
Batting: RHB Benjamin Lawson 0-0: Fly out, F7 (Flyball, 7LD)
Bottom of the 4th over - 0 run(s), 0 hit(s), 0 error(s), 2 left on base; Seattle 2 - Salem 0
TOP OF THE 5TH
Seattle Rainiers batting - Pitching for Salem Sledgehammers : RHP José López
Batting: SHB Nick Cox 0-0: Ball
1-0: SINGLE (Groundball, 34D)
Batting: SHB Glenn Vadnais 0-0: Ball
1-0: Reached on error, E4 (Groundball, 4)
Nick Cox to second
Batting: RHB Chris Parker 0-0: Ball
1-0: Called Strike
1-1: Ball
2-1: SINGLE (Flyball, 6MD)
Nick Cox to third
Glenn Vadnais to second
Batting: LHB Norbert Mosley 0-0: Ball
1-0: Swinging Strike
1-1: Ball
2-1: Swinging Strike
2-2: Ball
3-2: Strikes out swinging
Batting: RHB Edward Melton 0-0: Called Strike
0-1: Swinging Strike
0-2: Ball
1-2: Strikes out swinging
Pitching: RHP Guillermo Martínez
Batting: RHB Jeremy Carr 0-0: Ball
1-0: Fly out, F7 (Flyball, 7D)
Top of the 5th over - 0 run(s), 2 hit(s), 1 error(s), 3 left on base; Seattle 2 - Salem 0
BOTTOM OF THE 5TH
Salem Sledgehammers batting - Pitching for Seattle Rainiers : RHP Jeff Alexander
Batting: RHB B.J. Allen 0-0: Ball
1-0: Swinging Strike
1-1: Ball
2-1: Ball
3-1: Foul Ball, location: 2F
3-2: Foul Ball, location: 2F
3-2: Base on Balls
Batting: RHB Dale Reeves 0-0: Called Strike
0-1: Foul Ball, location: 2F
0-2: Strikes out swinging
Batting: RHB Finn Buys 0-0: Ball
B.J. Allen is caught stealing 2nd base
1-0: Fly out, F9 (Flyball, 9M)
Bottom of the 5th over - 0 run(s), 0 hit(s), 0 error(s), 0 left on base; Seattle 2 - Salem 0
TOP OF THE 6TH
Seattle Rainiers batting - Pitching for Salem Sledgehammers : RHP Guillermo Martínez
Batting: RHB John Hill 0-0: Called Strike
0-1: Fly out, F9 (Flyball, 89M)
Batting: RHB Brennan Yates 0-0: Ball
1-0: Ball
2-0: Ball
3-0: Base on Balls
Batting: RHB Elpidio Martinho 0-0: Ball
Brennan Yates steals 2nd base
1-0: Called Strike
1-1: Swinging Strike
1-2: Foul Ball, location: 2F
1-2: Ball
2-2: Strikes out swinging
Batting: SHB Nick Cox 0-0: Ball
1-0: Foul Ball, location: 2F
1-1: Called Strike
1-2: Strikes out swinging
Top of the 6th over - 0 run(s), 0 hit(s), 0 error(s), 1 left on base; Seattle 2 - Salem 0
BOTTOM OF THE 6TH
Salem Sledgehammers batting - Pitching for Seattle Rainiers : RHP Jeff Alexander
Batting: LHB Nathan Frey 0-0: Called Strike
0-1: Ball
1-1: Fly out, F2 (Popup, 2L)
Batting: LHB José Rivera 0-0: Called Strike
0-1: Ball
1-1: Ball
2-1: Ball
3-1: Bunt missed!
3-2: Ground out 3-1 (Groundball, 34)
Batting: RHB William Richardson 0-0: SINGLE (Line Drive, 89S)
Batting: RHB Brandon Pope 0-0: Ball
1-0: Swinging Strike
1-1: Ball
2-1: Foul Ball, location: 2F
2-2: Fly out, F4 (Popup, 4)
Bottom of the 6th over - 0 run(s), 1 hit(s), 0 error(s), 1 left on base; Seattle 2 - Salem 0
TOP OF THE 7TH
Seattle Rainiers batting - Pitching for Salem Sledgehammers : RHP Guillermo Martínez
Batting: SHB Glenn Vadnais 0-0: Ball
1-0: Ball
2-0: Foul Ball, location: 2F
2-1: Foul Ball, location: 2F
2-2: Strikes out swinging
Batting: RHB Chris Parker 0-0: Ball
1-0: Ball
2-0: Ball
3-0: Base on Balls
Pitching: LHP Allen Purss
Batting: LHB Norbert Mosley 0-0: Called Strike
0-1: Ball
1-1: Fly out, F5 (Popup, 56S)
Pitching: RHP John Harris
Batting: RHB Edward Melton 0-0: Called Strike
0-1: Swinging Strike
0-2: Strikes out looking
Top of the 7th over - 0 run(s), 0 hit(s), 0 error(s), 1 left on base; Seattle 2 - Salem 0
BOTTOM OF THE 7TH
Salem Sledgehammers batting - Pitching for Seattle Rainiers : RHP Jeff Alexander
Pitching: RHP Beau Murphy
Batting: LHB Brent Alonzo 0-0: Ball
1-0: Ball
2-0: Ball
3-0: Called Strike
3-1: Ground out 1-3 (Groundball, 13S)
Batting: RHB Benjamin Lawson 0-0: Called Strike
0-1: Ball
1-1: Foul Ball, location: 2F
1-2: Foul Ball, location: 2F
1-2: Ball
2-2: Foul Ball, location: 2F
2-2: Foul Ball, location: 2F
2-2: Strikes out looking
Batting: RHB B.J. Allen 0-0: Ball
1-0: Ground out 5-3 (Groundball, 5)
Bottom of the 7th over - 0 run(s), 0 hit(s), 0 error(s), 0 left on base; Seattle 2 - Salem 0
TOP OF THE 8TH
Seattle Rainiers batting - Pitching for Salem Sledgehammers : RHP John Harris
Batting: RHB Jeremy Carr 0-0: Ball
1-0: Swinging Strike
1-1: Ball
2-1: Foul Ball, location: 2F
2-2: Strikes out looking
Batting: RHB John Hill 0-0: Called Strike
0-1: Swinging Strike
0-2: Strikes out swinging
Batting: RHB Brennan Yates 0-0: Called Strike
0-1: Ground out 6-3 (Groundball, 6S)
Top of the 8th over - 0 run(s), 0 hit(s), 0 error(s), 0 left on base; Seattle 2 - Salem 0
BOTTOM OF THE 8TH
Salem Sledgehammers batting - Pitching for Seattle Rainiers : RHP Beau Murphy
Batting: RHB Dale Reeves 0-0: Ball
1-0: Ball
2-0: Ground out 4-3 (Groundball, 34)
Batting: RHB Finn Buys 0-0: Ground out 4-3 (Groundball, 4)
Batting: LHB Nathan Frey 0-0: Called Strike
0-1: Ball
1-1: Ball
2-1: Ball
3-1: Fly out, F5 (Popup, 5SF)
Bottom of the 8th over - 0 run(s), 0 hit(s), 0 error(s), 0 left on base; Seattle 2 - Salem 0
TOP OF THE 9TH
Seattle Rainiers batting - Pitching for Salem Sledgehammers : RHP John Harris
Batting: RHB Elpidio Martinho 0-0: Fly out, F8 (Flyball, 8LM)
Batting: SHB Nick Cox 0-0: Ball
1-0: Swinging Strike
1-1: Fly out, F7 (Flyball, 78M)
Batting: SHB Glenn Vadnais 0-0: Ball
1-0: Called Strike
1-1: Ball
2-1: Swinging Strike
2-2: Ball
3-2: Base on Balls
Batting: RHB Chris Parker 0-0: Swinging Strike
0-1: Foul Ball, location: 2F
0-2: Fly out, F8 (Flyball, 89M)
Top of the 9th over - 0 run(s), 0 hit(s), 0 error(s), 1 left on base; Seattle 2 - Salem 0
BOTTOM OF THE 9TH
Salem Sledgehammers batting - Pitching for Seattle Rainiers : RHP Beau Murphy
Pitching: RHP Jim Thompson
Batting: LHB José Rivera 0-0: SINGLE (Line Drive, 9S)
Batting: RHB William Richardson 0-0: Ball
1-0: Ball
2-0: Foul Ball, location: 2F
2-1: Foul Ball, location: 2F
2-2: Ground out U3 (Groundball, 3S)
José Rivera to second
Batting: RHB Brandon Pope 0-0: Foul Ball, location: 2F
0-1: Ground out 4-3 (Groundball, 4M)
José Rivera to third
Batting: LHB Brent Alonzo 0-0: Ball
1-0: Ball
2-0: Ball
3-0: Called Strike
3-1: Foul Ball, location: 2F
3-2: Foul Ball, location: 2F
3-2: Base on Balls
Batting: RHB Benjamin Lawson 0-0: Ball
1-0: Ball
2-0: Foul Ball, location: 2F
2-1: Ball
3-1: Base on Balls
Brent Alonzo to second
Batting: RHB B.J. Allen 0-0: Called Strike
0-1: Swinging Strike
0-2: Strikes out swinging
Bottom of the 9th over - 0 run(s), 1 hit(s), 0 error(s), 3 left on base; Seattle 2 - Salem 0
This league is powered by Out of the Park Baseball, the baseball management simulation game for PC, Mac and Linux
Wednesday, December 2nd, 2015 - OOTP Baseball 16.8 Build 38